 Dungeon Crawl Stone Soup version 0.29.0-10-g45618ea6d2 (webtiles) character file.

Game seed: 8095256295547694865

50 oldmanjim the Ogre Mage (level 3, -5/33 HPs)
             Began as an Ogre Transmuter on Sept 2, 2022.
             Was a Believer of Vehumet.
             Slain by a black bear (6 damage)
             ... on level 3 of the Dungeon.
             The game lasted 00:10:05 (1925 turns).

oldmanjim the Ogre Mage (Ogre Transmuter)           Turns: 1925, Time: 00:10:05

Health: -5/33      AC:  3    Str: 14    XL:     3   Next: 79%
Magic:  0/8        EV:  9    Int: 22    God:    Vehumet [**....]
Gold:   121        SH:  0    Dex:  9    Spells: 4/9 levels left

rFire   . . .      SeeInvis .     - Unarmed
rCold   . . .      Faith    .   (no shield)
rNeg    . . .      Spirit   +   a - +0 robe
rPois   .          Reflect  .   (helmet currently unavailable)
rElec   .          Harm     .   (no cloak)
rCorr   .          Rampage  .   (gloves unavailable)
Will    .....                   (boots unavailable)
Stlth   +.........              c - amulet of guardian spirit
HPRegen 0.11/turn               m - +6 ring of intelligence
MPRegen 0.11/turn               (no ring)

@: appendages, invisible
A: horns 2, talons 2, large, unfitting armour, tough skin 1
a: End Transformation, Renounce Religion


You were on level 3 of the Dungeon.
You worshipped Vehumet.
Vehumet was pleased with you.
You had temporarily grown beastly horns and talons.
You visited 1 branch of the dungeon, and saw 3 of its levels.

You collected 121 gold pieces.

Inventory:

Hand Weapons
 b - a +0 dagger of venom
Missiles
 g - 5 stones
Armour
 a - a +0 robe (worn)
 i - a +0 kite shield
Jewellery
 c - an amulet of guardian spirit (around neck)
 m - a +6 ring of intelligence (left hand)
Scrolls
 e - a scroll of fear {unknown}
 f - a scroll of identify
 h - a scroll of enchant weapon {unknown}
 l - 2 scrolls of teleportation {unknown}
Potions
 j - a potion of ambrosia {unknown}
 k - a potion of heal wounds {unknown}
 n - a potion of resistance {unknown}


   Skills:
 - Level 1.3 Fighting
 - Level 1.7 Dodging
 - Level 2.6 Unarmed Combat
 + Level 3.6 Spellcasting
 + Level 2.8 Transmutations


You had 4 spell levels left.
You knew the following spells:

 Your Spells              Type           Power      Damage    Failure   Level
a - Beastly Appendage     Tmut           32%        N/A       3%          1
b - Sandblast             Erth           6%         2d5       12%         1
c - Spider Form           Tmut/Pois      10%        N/A       19%         3

Your spell library contained the following spells:

 Spells                   Type           Power      Damage    Failure   Level
 Scorch                   Fire           6%         2d5       19%         2
 Wereblood                Tmut           16%        N/A       5%          2
 Ice Form                 Ice/Tmut       10%        N/A       54%         4


Dungeon Overview and Level Annotations

Branches:
Dungeon (3/15)

Altars:
Vehumet

Annotations:
D:2 1 runed translucent door, Crazy Yiuf


Innate Abilities, Weirdness & Mutations

You have temporarily grown beastly horns and talons.
You are too large for most types of armour.
You have tough skin. (AC +1)


Message History

It is a scroll of identify.
d - 2 potions of invisibility The black bear bites you.
The black bear barely misses you. x2
You fade into invisibility!
The black bear bites you. The black bear barely misses you.
The black bear claws you.
Your horns disappear.
Your talons disappear.
There is a stone staircase leading down here.
You flicker for a moment.
You flicker back into view.
The black bear bites you. The black bear claws you.
* * * LOW HITPOINT WARNING * * *
The black bear claws you.
* * * LOW HITPOINT WARNING * * *
The black bear attacks as you move away!
The black bear barely misses you.
The black bear claws you but does no damage.
The black bear barely misses you.
There is a stone staircase leading up here.
You fade into invisibility!
The black bear bites you.
* * * LOW HITPOINT WARNING * * *
The black bear claws you but does no damage.
The black bear barely misses you.
Casting: Sandblast (safe; 12% risk of failure)
Confirm with . or Enter, or press ? or * to list all spells.
You grow a pair of large bovine horns.
Your feet morph into talons.
The black bear barely misses you.
The black bear claws you but does no damage. x2
The black bear barely misses you. The black bear misses you.
The black bear claws you but does no damage.
The hobgoblin closely misses you.
You hit the black bear. Your kick misses the black bear.
The black bear is lightly wounded.
The black bear bites you.
* * * LOW HITPOINT WARNING * * *
The black bear claws you but does no damage.
The black bear claws you. The hobgoblin closely misses you.
The black bear bites you.
You die...

### .# ..# .#.# #.### ...# #...#
## .# ##. #..## #...##... .
####.. ....#####......
#....#########..........†#
####.......##>Sh............#
...#.......##.##@.......)<).#
#.#........g.#g........#...###.
#..............#.......#.......
##........######.......##...#..#
# #...>....######..#####.......##
# #........##......#####...#....
###........#..###.#.......#######
##....##.....## #.#.####.##
.#.........### #.#.# #.#


You could see a black bear (unable to see you), a hobgoblin (unable to see you)
and a ball python (unable to see you).

Vanquished Creatures
  An adder (D:2)
  A worm (D:2)
  5 orcs
  An endoplasm (D:2)
  3 giant cockroaches
  7 goblins
  A hobgoblin (D:2)
  A kobold (D:1)
  A quokka (D:1)
  2 ball pythons
  3 bats
  3 frilled lizards
  2 rats (D:1)
31 creatures vanquished.

Vanquished Creatures (others)
  2 plants (D:1)
2 creatures vanquished.

Grand Total: 33 creatures vanquished

Notes
Turn   | Place    | Note
-------+----------+-------------------------------------------
     0 | D:1      | oldmanjim the Ogre Transmuter began the quest for the Orb.
     0 | D:1      | Reached XP level 1. HP: 19/19 MP: 3/3
    21 | D:1      | Found a faded altar of an unknown god.
   189 | D:1      | Prayed at the altar of an unknown god.
   189 | D:1      | Became a worshipper of Vehumet
   189 | D:1      | Reached * piety under Vehumet
   189 | D:1      | Offered knowledge of Sandblast by Vehumet.
   192 | D:1      | Learned a level 1 spell: Sandblast
   384 | D:1      | Reached XP level 2. HP: 23/27 MP: 3/5
   660 | D:1      | Reached skill level 3 in Spellcasting
  1109 | D:2      | Reached XP level 3. HP: 31/33 MP: 7/7
  1420 | D:2      | Found a runed translucent door.
  1421 | D:2      | Noticed Crazy Yiuf
  1592 | D:3      | Noticed a scorpion
  1766 | D:3      | Learned a level 3 spell: Spider Form
  1826 | D:3      | Offered knowledge of Scorch by Vehumet.
  1883 | D:3      | Noticed a black bear
  1892 | D:3      | Reached ** piety under Vehumet
  1924 | D:3      | HP: 1/33 [black bear (3)]
  1925 | D:3      | Slain by a black bear

Illustrated notes

Levels and vault maps discovered:
D:1:      amcnicky_arrival_feature_with_door, layout_rooms,
          shapermc_ecumenical_altar_acropolis, minivault_27
D:2:      layout_basic, uniq_crazy_yiuf_cottage
D:3:      layout_rooms, worldfamousw_hep_ancestral_shrine,
          mainiacjoe_overflow_boulevard, minmay_fountain_box,
          amcnicky_mini_corridor_feature

Skill      XL: |  1  2 |
---------------+-------+-----
Transmutations | 2 |  2.8
Spellcasting   | 3 |  3.6
Fighting       | |  1.3
Dodging        | |  1.7
Unarmed Combat | |  2.6

Action                   || total
-------------------------++-------
Melee: Unarmed           ||    91
       Kick              ||    18
       Headbutt          ||    12
       Dagger            ||     2
 Cast: Beastly Appendage ||    21
       Sandblast         ||     2
  Use: Potion            ||     3
       Scroll            ||     1
Armor: Robe              ||    44
       Skin              ||     2
Dodge: Dodged            ||    54
